 Dungeon Crawl Stone Soup version 0.19.4-8-ga85b6b9 (webtiles) character file.

4575 Kosschaser the Twirler (level 10, -4/101 HPs)
             Began as a Troll Earth Elementalist on Feb 12, 2017.
             Was a Follower of Vehumet.
             Slain by a killer bee (6 damage)
             ... on level 10 of the Dungeon.
             The game lasted 01:23:40 (7306 turns).

Kosschaser the Twirler (Troll Earth Elementalist)   Turns: 7306, Time: 01:23:41

Health: -4/101     AC:  7    Str: 18    XL:     10   Next: 18%
Magic:  15/15      EV: 11    Int: 16    God:    Vehumet [*.....]
Gold:   478        SH:  0    Dex: 12    Spells: 4 memorised, 10 levels left

rFire  . . .     SeeInvis .     b - 175 stones
rCold  . . .     Gourm    +     c - +0 robe
rNeg   . . .     Faith    .     (no shield)
rPois  .         Spirit   .     (helmet restricted)
rElec  .         Reflect  .     m - +1 cloak
rCorr  .         Harm     .     (gloves unavailable)
MR     +....                    (boots unavailable)
Stlth  +.........               (no amulet)
                                F - ring of wizardry
                                D - ring of protection from magic

@: confused, lethally poisoned (-4 -> -37)
A: unfitting armour, claws 3, fangs 1, hooves 1, thin skeletal structure 1,
blink, blurry vision 1, clever 1, fast metabolism 3, gourmand, regeneration 1,
robust 1, shaggy fur 1, tough skin 2, sturdy frame 1
a: Blink, Renounce Religion


You were on level 10 of the Dungeon.
You worshipped Vehumet.
Vehumet was aware of your devotion.
You were very full.

You visited 2 branches of the dungeon, and saw 11 of its levels.
You also visited: Sewer and Ossuary.

You collected 478 gold pieces.

Inventory:

Hand Weapons
 l - a +7 quarterstaff of chaos
Missiles
 b - 175 stones (in claw)
 I - 2 large rocks
Armour
 c - a +0 robe (worn)
 m - a +1 cloak (worn)
Jewellery
 D - a ring of protection from magic (left claw)
 F - a ring of wizardry (right claw)
Wands
 p - a wand of lightning (0/15)
 u - a wand of iceblast (0/15)
 K - a wand of polymorph (20/24)
 O - a wand of random effects (41/48)
Scrolls
 a - 7 scrolls of fog
 f - 7 scrolls of teleportation
 i - 2 scrolls of amnesia
 j - 5 scrolls of remove curse
 n - a scroll of fear {unknown}
 r - a scroll of magic mapping
 t - 2 scrolls of recharging {unknown}
 w - 2 scrolls of immolation
 y - 4 scrolls of enchant armour
 C - a scroll of random uselessness {unknown}
 G - a scroll of blinking
Potions
 h - 2 potions of haste
 o - a potion of invisibility
 q - 4 potions of flight
 x - a potion of agility {unknown}
 z - a potion of might {unknown}
 J - a potion of cancellation {unknown}
Books
 e - a book of Geomancy

   Spells                             Type                      Level
   a - Sandblast                      Earth                        1
   b - Passwall                       Transmutation/Earth          2
   c - Stone Arrow                    Conjuration/Earth            3
   d - Petrify                        Transmutation/Earth          4
   e - Lee's Rapid Deconstruction     Earth                        5
 s - a book of Misfortune

   Spells                             Type                      Level
   a - Confusing Touch                Hexes                        1
   b - Confuse                        Hexes                        3
   c - Gell's Gravitas                Hexes/Translocation          3
   d - Petrify                        Transmutation/Earth          4
   e - Metabolic Englaciation         Hexes/Ice                    5
   f - Yara's Violent Unravelling     Hexes/Transmutation          5
 v - a book of Changes

   Spells                             Type                      Level
   a - Beastly Appendage              Transmutation                1
   b - Sticks to Snakes               Transmutation                2
   c - Spider Form                    Transmutation/Poison         3
   d - Ice Form                       Ice/Transmutation            4
   e - Blade Hands                    Transmutation                5
 P - a book of Frost

   Spells                             Type                      Level
   a - Freeze                         Ice                          1
   b - Throw Frost                    Conjuration/Ice              2
   c - Ozocubu's Armour               Charms/Ice                   3
   d - Throw Icicle                   Conjuration/Ice              4
   e - Summon Ice Beast               Ice/Summoning                4
Comestibles
 d - 3 bread rations
 k - 3 fruits
 B - 5 meat rations
 H - a beef jerky
 L - 2 slices of pizza
 M - a royal jelly


   Skills:
 + Level 3.7 Fighting
 + Level 6.5 Staves
 + Level 4.5 Dodging
 + Level 2.7 Stealth
 + Level 1.2 Unarmed Combat
 + Level 4.0 Spellcasting
 + Level 2.2 Conjurations
 + Level 1.1 Transmutations
 + Level 6.5 Earth Magic


You had 10 spell levels left.
You knew the following spells:

 Your Spells              Type           Power        Failure   Level  Hunger
a - Sandblast             Erth           ###...       1%          1    None
b - Passwall              Tmut/Erth      ###.......   3%          2    ##.....
c - Stone Arrow           Conj/Erth      ###...       4%          3    ###....
d - Magic Dart            Conj           ##..         4%          1    None


Dungeon Overview and Level Annotations

Branches:
Dungeon (10/15)            Temple (1/1) D:7
   Lair: D:8-11         Orc: D:9-12

Altars:
Ashenzari
Cheibriados
Dithmenos
Fedhas
Gozag
Hepliaklqana
Kikubaaqudgha
Makhleb
Okawaru
Ru
Sif Muna
Trog
Uskayaw
Vehumet
Xom
Yredelemnul
Zin
The Shining One

Shops:
D:7 *

Annotations:
D:9 Prince Ribbit


Innate Abilities, Weirdness & Mutations

You are too large for most types of armour.
You have claws for hands.
Your metabolism is lightning-fast.
You like to eat raw meat.
Your natural rate of healing is unusually fast.
You are covered in fur. (AC +1)
You have very tough skin. (AC +2)
You have very sharp teeth.
You have large cloven feet.
You have a somewhat thin skeletal structure. (Dex +2, Stealth)
You can translocate small distances at will.
Scrolls take you a little longer to read.
Your mind is acute. (Int +2)
You are robust. (+10% HP)
Your movements are slightly less encumbered by armour. (ER -2)


Message History

The killer bee stings you but does no damage.
The killer bee stings you.
* * * LOW HITPOINT WARNING * * *
The killer bee barely misses you. The killer bee stings you.
* * * LOW HITPOINT WARNING * * *
You are more poisoned.
The killer bee poisons you!
You're too confused!
You closely miss the killer bee.
The killer bee is almost dead.
* * * LOW HITPOINT WARNING * * *
You feel very sick. The killer bee barely misses you.
The killer bee closely misses you. x2
The killer bee misses you. The killer bee barely misses you.
The killer bee stings you!
* * * LOW HITPOINT WARNING * * *
The killer bee closely misses you. The killer bee stings you.
* * * LOW HITPOINT WARNING * * *
The killer bee stings you.
You die...

#...... . ..
#<.....#. ..
#....<..# ##.#
#....##.# ...#
#....##.## ... ###
#...<.#..##.#....#
#.........ยง.......
#..yy.##.##.####..
#..@y.....#.#
#...y.##.....
#....##.......
#...## ......>#
##### #.......#
#.......#


You could see 4 killer bees.

Vanquished Creatures
  A manticore (D:8)
  A hornet (D:8)
  A hippogriff (D:8)
  A human (D:3)
  Edmund (D:6)
  A water moccasin (D:7)
  A swamp drake (D:6)
  A black bear (D:7)
  2 sky beasts
  3 orc warriors
  A phantom (D:7)
  4 ogres
  2 centaurs
  4 bullfrogs
  3 scorpions
  6 killer bees
  2 howler monkeys
  6 wights (D:8)
  3 crimson imps
  3 centaur zombies (Ossuary)
  3 hounds
  Crazy Yiuf (D:2)
  A human zombie (D:3)
  4 orc priests
  5 orc wizards
  2 iguanas
  4 worker ants
  2 ogre zombies (Ossuary)
  A hound zombie (D:8)
  7 mummies (Ossuary)
  4 gnolls
  8 adders
  3 river rats (D:4)
  8 oozes
  4 adder zombies (Ossuary)
  5 worms
  3 dart slugs
  10 leopard geckos
  28 orcs
  A ball python (D:4)
  12 giant cockroaches
  6 goblins
  8 hobgoblins
  13 jackals
  8 quokkas
  11 bats
  5 frilled lizards
  4 goblin zombies (Ossuary)
  3 hobgoblin zombies (Ossuary)
  6 kobolds
  5 kobold zombies (Ossuary)
  An orc zombie (Ossuary)
  2 quokka skeletons
  3 quokka zombies (Ossuary)
  11 rats
  5 rat zombies (Ossuary)
254 creatures vanquished.

Notes
Turn   | Place    | Note
-------+----------+-------------------------------------------
     0 | D:1      | Kosschaser the Troll Earth Elementalist began the quest for the Orb.
     0 | D:1      | Reached XP level 1. HP: 16/16 MP: 1/1
    80 | D:1      | Reached XP level 2. HP: 22/24 MP: 2/2
    85 | D:1      | Learned a level 2 spell: Passwall
   303 | D:1      | Reached XP level 3. HP: 26/31 MP: 0/4
   565 | D:2      | Reached skill level 1 in Unarmed Combat
   633 | D:2      | Found a faded altar of an unknown god.
   685 | D:2      | Gained mutation: Scrolls take you a little longer to read. [potion of mutation]
   685 | D:2      | Gained mutation: Your mind is acute. (Int +2) [potion of mutation]
   685 | D:2      | Gained mutation: You possess an exceptional clarity of mind. [potion of mutation]
   691 | D:2      | Lost mutation: You possess an exceptional clarity of mind. [potion of mutation]
   691 | D:2      | Gained mutation: You are clumsy. (Dex -2) [potion of mutation]
   691 | D:2      | Lost mutation: You are clumsy. (Dex -2) [potion of mutation]
   873 | D:2      | Found a runed door.
   877 | D:2      | Noticed Crazy Yiuf
  1292 | D:2      | Killed Crazy Yiuf
  1292 | D:2      | Reached skill level 1 in Transmutations
  1292 | D:2      | Reached XP level 4. HP: 22/39 MP: 0/5
  1657 | D:3      | Found a runed door.
  1657 | D:3      | Noticed a human
  1663 | D:3      | Found a basalt altar of Yredelemnul.
  1676 | D:3      | Reached XP level 5. HP: 45/45 MP: 4/6
  1698 | D:3      | Killed a human
  1698 | D:3      | Reached XP level 6. HP: 53/54 MP: 2/8
  1738 | D:3      | Reached skill level 1 in Staves
  1874 | D:3      | Found a hazy altar of Hepliaklqana.
  2151 | D:4      | Found a sand-covered staircase.
  2156 | Ossuary  | Entered an ossuary
  2246 | Ossuary  | Reached skill level 1 in Fighting
  2263 | Ossuary  | Reached XP level 7. HP: 43/62 MP: 7/9
  2649 | D:4      | Found a glowing drain.
  2665 | Sewer    | Entered a sewer
  2957 | Sewer    | Learned a level 3 spell: Stone Arrow
  3165 | D:4      | Found a blossoming altar of Fedhas.
  3277 | D:4      | Reached skill level 5 in Earth Magic
  3441 | D:5      | Entered Level 5 of the Dungeon
  3464 | D:5      | Reached XP level 8. HP: 50/72 MP: 6/10
  3468 | D:5      | Gained mutation: You have a somewhat thin skeletal structure. (Dex +2, Stealth) [mutagenic meat]
  3470 | D:5      | Gained mutation: Your body sometimes deteriorates upon taking damage. [mutagenic meat]
  3471 | D:5      | Gained mutation: You have very sharp teeth. [mutagenic meat]
  3472 | D:5      | Gained mutation: You can translocate small distances at will. [mutagenic meat]
  3598 | D:5      | Found a shattered altar of Ashenzari.
  3681 | D:5      | Found a faded altar of an unknown god.
  3681 | D:5      | Found a faded altar of an unknown god.
  3687 | D:5      | Found a faded altar of an unknown god.
  3689 | D:5      | Found a hide-covered altar of Uskayaw.
  3690 | D:5      | Found a faded altar of an unknown god.
  4311 | D:6      | Reached skill level 1 in Conjurations
  4757 | D:6      | Lost mutation: Your body sometimes deteriorates upon taking damage. [mutagenic meat]
  4759 | D:6      | Gained mutation: Your movements are slightly less encumbered by armour. (ER -2) [mutagenic meat]
  4760 | D:6      | Gained mutation: You are robust. (+10% HP) [mutagenic meat]
  4780 | D:6      | Noticed Edmund
  4788 | D:6      | Killed Edmund
  4970 | D:7      | Reached XP level 9. HP: 88/88 MP: 2/12
  5178 | D:7      | Reached skill level 5 in Staves
  5315 | D:7      | Found Odiumum's General Store.
  5350 | D:7      | Found an opulent altar of Gozag.
  5509 | D:7      | Found a staircase to the Ecumenical Temple.
  5522 | Temple   | Entered the Ecumenical Temple
  5555 | Temple   | Became a worshipper of Vehumet
  6130 | D:8      | Found an ancient bone altar of Kikubaaqudgha.
  6227 | D:8      | Noticed a manticore
  6232 | D:8      | Killed a manticore
  7025 | D:8      | Reached * piety under Vehumet
  7025 | D:8      | Offered knowledge of Magic Dart by Vehumet.
  7035 | D:8      | Reached XP level 10. HP: 65/100 MP: 0/14
  7056 | D:8      | Found a shadowy altar of Dithmenos.
  7068 | D:8      | Learned a level 1 spell: Magic Dart
  7178 | D:8      | Paralysed by a hornet for 1 turns
  7183 | D:8      | Paralysed by a hornet for 3 turns
  7242 | D:9      | Noticed Prince Ribbit
  7270 | D:10     | Entered Level 10 of the Dungeon
  7305 | D:10     | Gained mutation: You have large cloven feet. [potion of beneficial mutation]
  7306 | D:10     | HP: 2/101 [killer bee (5)]
  7306 | D:10     | Slain by a killer bee

Skill      XL: |  1  2  3  4  5  6  7  8  9 10 |
---------------+-------------------------------+-----
Earth Magic    | 3 4 5 6 |  6.5
Unarmed Combat | 1 |  1.2
Dodging        | 2 3 4 |  4.5
Transmutations | 1 |  1.1
Spellcasting   | 2 3 4 |  4.0
Staves         | 1 2 4 6 |  6.5
Fighting       | 1 2 3 |  3.7
Conjurations   | 1 2 |  2.2
Stealth        | 2 |  2.7

Action                   |  1- 3 |  4- 6 |  7- 9 | 10-12 || total
-------------------------+-------+-------+-------+-------++-------
Melee: Unarmed           |    95 |       |       |       ||    95
       Quarterstaff      |       |    82 |   395 |    33 ||   510
       Bite              |       |       |    17 |     3 ||    20
Throw: Stone             |     8 |       |       |       ||     8
 Cast: Sandblast         |    36 |    35 |    66 |    12 ||   149
       Passwall          |     3 |     2 |     1 |       ||     6
       Stone Arrow       |       |       |    71 |     3 ||    74
       Magic Dart        |       |       |       |     2 ||     2
 Abil: Blink             |       |       |     1 |     3 ||     4
Evoke: Wand              |       |     3 |     1 |       ||     4
  Use: Scroll            |     3 |     4 |    11 |       ||    18
       Potion            |     2 |       |     2 |     7 ||    11
 Stab: Sleeping          |     1 |     2 |     5 |     1 ||     9
       Petrified         |       |       |     4 |       ||     4
       Petrifying        |       |       |     1 |       ||     1
       Paralysed         |       |       |     3 |     1 ||     4
       Distracted        |       |       |     1 |       ||     1
  Eat: Chunk             |     6 |     6 |    59 |    11 ||    82
       Fruit             |     2 |       |     1 |       ||     3
       Meat ration       |     1 |       |       |       ||     1
       Bread ration      |       |     1 |       |       ||     1
Armor: Robe              |    74 |    39 |   152 |    36 ||   301
Dodge: Dodged            |    93 |    67 |   215 |    99 ||   474
